Map: Ley Lines

Players

KimChiLoVer - Winner!

  • Race: Terran Terran
  • Spawn Location: 1:00

VOD

Have the link to the VOD?

Description

Time

  • Played on: Aug. 9, 2025, 7:25 p.m.
  • Length: 10:12
Show
View Real Time Build Order
Export as new Build Order

KimChiLoVer Terran - Winner!

Build Orders: Reaper Expand 

Get SALT Encoding   

  12  0:02  SCV  
  12  0:14  SCV  
  12  0:20  Supply Depot  
  12  0:27  SCV  
  12  0:42  SCV  
  12  0:43  Barracks  
  12  0:45  Refinery  
  12  0:54  SCV  
  12  1:06  SCV  
  12  1:18  SCV  
  12  1:30  Orbital Command  
  12  1:32  Reaper  
  12  1:42  Command Center  
  12  1:51  Supply Depot  
  12  1:57  SCV  
  12  2:04  Marine  
  12  2:07  Factory  
  12  2:11  Refinery  
  12  2:12  SCV  
  12  2:24  SCV  
  12  2:31  Barracks  
  12  2:36  SCV  
  12  2:39  Barracks  
  12  2:44  Barracks Reactor  
  12  2:48  SCV  
  12  2:54  Factory Tech Lab  
  12  2:58  Orbital Command  
  12  3:00  SCV  
  12  3:21  Command Center  
  12  3:25  Marine x2  
  12  3:31  SCV  
  12  3:32  SCV  
  12  3:37  Stimpack  
  12  3:43  Marine, SCV  
  12  3:44  Marine x2  
  12  3:53  Factory Reactor  
  12  3:54  Starport  
  12  3:55  Marine  
  12  3:57  SCV  
  12  3:58  SCV  
  12  4:05  Marine x2  
  12  4:11  Engineering Bay  
  12  4:13  Engineering Bay  
  12  4:17  SCV x2  
  12  4:22  Marine  
  12  4:29  Supply Depot, SCV  
  12  4:32  Supply Depot  
  12  4:37  Orbital Command  
  12  4:43  Medivac  
  12  4:44  Medivac, Factory Tech Lab  
  12  4:46  SCV  
  12  4:49  SCV  
  12  4:57  Terran Infantry Weapons Level 1  
  12  4:58  SCV, Terran Infantry Armor Level 1  
  12  5:05  Barracks  
  12  5:10  Barracks  
  12  5:13  Marine x2  
  12  5:14  SCV  
  12  5:15  Orbital Command  
  12  5:19  Marine x2  
  12  5:28  Refinery x2  
  12  5:29  SCV x2  
  12  5:31  Medivac  
  12  5:38  Armory  
  12  5:41  Barracks Tech Lab, SCV x2  
  12  5:42  Combat Shield  
  12  5:43  Marine  
  12  5:52  Siege Tank  
  12  5:53  SCV  
  12  5:54  SCV  
  12  5:55  SCV  
  12  6:03  Concussive Shells  
  12  6:05  Barracks Tech Lab  
  12  6:06  SCV  
  12  6:07  SCV  
  12  6:08  Barracks Tech Lab  
  12  6:11  Barracks Reactor  
  12  6:12  SCV  
  12  6:18  SCV  
  12  6:19  SCV  
  12  6:22  Barracks  
  12  6:24  SCV  
  12  6:27  Barracks x2  
  12  6:28  Marine, Marauder  
  12  6:30  SCV  
  12  6:31  Viking, SCV  
  12  6:34  Medivac  
  12  6:36  SCV  
  12  6:42  Supply Depot, SCV  
  12  6:43  SCV  
  12  6:44  Supply Depot  
  12  6:45  Marine, Marauder x2  
  12  6:49  SCV  
  12  7:00  Supply Depot  
  12  7:02  Supply Depot  
  12  7:04  Marine x3, Marauder, SCV x2  
  12  7:07  Marauder  
  12  7:09  Starport  
  12  7:10  Terran Infantry Weapons Level 2  
  12  7:13  Terran Infantry Armor Level 2  
  12  7:18  Barracks Tech Lab  
  12  7:19  Barracks Reactor  
  12  7:21  Barracks Tech Lab  
  12  7:22  Marine x2  
  12  7:23  SCV  
  12  7:24  SCV x2  
  12  7:31  Terran Vehicle And Ship Armor Level 1  
  12  7:33  Marine x3, Marauder  
  12  7:36  SCV  
  12  7:46  Marine x3, Marauder x2  
  12  7:48  Medivac  
  12  7:51  Starport Reactor  
  12  7:55  Supply Depot  
  12  7:57  Supply Depot  
  12  7:58  SCV x3  
  12  8:07  Command Center  
  12  8:11  Supply Depot x2  
  12  8:13  Supply Depot  
  12  8:18  Supply Depot  
  12  8:20  Marine, Marauder x2  
  12  8:21  Marine x4, Marauder x3  
  12  8:24  Viking  
  12  8:33  Marine  
  12  8:38  Marine x3  
  12  8:39  Supply Depot  
  12  8:40  Supply Depot  
  12  8:41  Refinery  
  12  8:42  Marauder x2, SCV x2  
  12  8:43  Refinery  
  12  8:46  SCV  
  12  8:47  Marine x2  
  12  8:48  Marine, Marauder  
  12  8:54  SCV  
  12  8:59  Marine x3, Marauder  
  12  9:00  Marine  
  12  9:02  Supply Depot  
  12  9:03  Supply Depot  
  12  9:14  Marine x3, Marauder x2  
  12  9:15  Viking  
  12  9:16  Viking x2  
  12  9:22  Supply Depot  
  12  9:32  Marauder x2  
  12  9:45  Marauder x2  
  12  9:48  Marine  
  12  9:49  Command Center, Marine, Marauder  
Tags
 
Add a new tag
Caveats
  • Supply blocks, unpowered buildings, or Contaminate may cause inaccurate times.
  • Supply counts are checked every 10 seconds.